 Dungeon Crawl Stone Soup version 0.31-a0-955-gcb8bc90ed4 (webtiles) character file.

Game seed: 18423378180401809009

1647 BinkBink the Ducker (level 9, 0/56 HPs)
             Began as a Tengu Monk on Oct 22, 2023.
             Was a Believer of Qazlal.
             Killed by divine providence
             ... invoked by an orc priest
              (12 damage)
             ... on level 5 of the Dungeon.
             The game lasted 00:10:47 (5934 turns).

BinkBink the Ducker (Tengu Monk)                    Turns: 5934, Time: 00:10:47

Health: 0/56       AC:  2    Str: 12    XL:     9   Next: 0%
Magic:  10/10      EV: 20    Int: 11    God:    Qazlal [**....]
Gold:   263        SH:  3    Dex: 20    Spells: 8/8 levels left

rFire   + . .        B - +0 great sword
rCold   . . .        (shield currently unavailable)
rNeg    . . .        b - +0 robe
rPois   .            (helmet restricted)
rElec   .            (no cloak)
rCorr   .            (no gloves)
SInv    .            (boots unavailable)
Will    .....        (no amulet)
Stlth   +            j - ring of protection from fire
HPRegen 0.29/turn    (no ring)
MPRegen 0.12/turn

%: acrobat
@: flying
A: beak, talons 3, evasive flight, acrobatic
a: Renounce Religion, Upheaval


You were on level 5 of the Dungeon.
You worshipped Qazlal.
Qazlal was pleased with you.
You visited 2 branches of the dungeon, and saw 7 of its levels.

You collected 263 gold pieces.

Inventory:

Hand Weapons
 a - a +0 falchion
 n - a +0 longbow
 p - a +2 demon trident of draining
 B - a +0 great sword (weapon)
 C - a +5 battleaxe
Missiles
 u - a throwing net
Armour
 b - a +0 robe (worn)
 d - an orb of light
 s - a +0 kite shield
Jewellery
 g - a ring of wizardry
 j - a ring of protection from fire (left hand)
Talismans
 F - a beast talisman
Wands
 D - a wand of polymorph (8)
Scrolls
 c - 2 scrolls of vulnerability {unknown}
 e - 2 scrolls of amnesia {unknown}
 f - 6 scrolls of identify {unknown}
 l - 3 scrolls of enchant armour {unknown}
 v - 4 scrolls of fear {unknown}
 w - a scroll of immolation {unknown}
 y - a scroll of revelation {unknown}
 E - a scroll of enchant weapon {unknown}
Potions
 h - a potion of invisibility {unknown}
 i - 2 potions of curing {unknown}
 k - a potion of degeneration {unknown}
 m - 4 potions of attraction {unknown}
 o - a potion of resistance {unknown}
 q - a potion of lignification {unknown}
 r - 2 potions of haste {unknown}
 t - a potion of mutation {unknown}
 z - 2 potions of might {unknown}
 A - a potion of brilliance {unknown}


   Skills:
 + Level 6.4 Fighting
 + Level 6.9 Long Blades
 - Level 4.2 Ranged Weapons
 + Level 7.0 Dodging
 + Level 2.9 Shields


You had 8 spell levels left.
You didn't know any spells.
Your spell library was empty.

Dungeon Overview and Level Annotations

Branches:
Dungeon (6/15)             Temple (1/1) D:6

Altars:
Cheibriados
Dithmenos
Fedhas
Gozag
Hepliaklqana
Kikubaaqudgha
Makhleb
Nemelex Xobeh
Okawaru
Qazlal
Ru
Sif Muna
Uskayaw
Vehumet
Wu Jian
Xom
Zin

Annotations:
D:3 4 runed translucent doors, Crazy Yiuf; ongoing's ghost, amateur BaHu


Innate Abilities, Weirdness & Mutations

You have a beak for a mouth.
You have claws for feet.
Your magical flight helps you evade attacks. (EV +4)
You can magically evade attacks while moving or waiting.


Message History

You claw the orc warrior, but do no damage.
The orc warrior barely misses you.
You slash the orc warrior! You claw the orc warrior!
You peck the orc warrior, but do no damage.
The orc warrior is severely wounded.
The orc warrior hits you with a +0 scimitar! x2
You barely miss the orc warrior.
The orc warrior is severely wounded.
The orc warrior misses you.
You slash the orc warrior!
You peck the orc warrior, but do no damage.
The orc warrior is almost dead.
The orc warrior hits you with a +0 scimitar.
The orc priest begins to cast a cantrip, but forgets the words!
The orc warrior closely misses you.
The orc warrior attacks as it pursues you!
The orc warrior completely misses you.
There is a stone staircase leading up here.
The orc priest misses you. The orc warrior barely misses you.
You fly upwards.
There is a stone staircase leading down here.
You barely miss the orc warrior. Your kick misses the orc warrior.
The orc warrior is almost dead.
The orc priest closely misses you. The orc warrior barely misses you.
You slash the orc warrior!
You kill the orc warrior!
Qazlal accepts your kill.
The orc priest calls down the wrath of Beogh upon you.
Beogh smites you!
* * * LOW HITPOINT WARNING * * *
Your Dodging skill increases to level 7!
You have reached level 9!
Your experience leads to an increase in your attributes!
Increase (S)trength, (I)ntelligence, or (D)exterity?
You feel agile. x2
You closely miss the orc priest. You peck the orc priest.
The orc priest is moderately wounded.
The orc priest calls down the wrath of Beogh upon you.
Beogh smites you!
You die...

#############
#...........#
#.###.......######
#.# #..[..........
#.###....[........
#.o.........######
#@)##.......#
#..##.......#
#..###.#.#########
#..##.#..# #......
#........# #......
##.......# #..###.
#.......###..###.
#................
##.......###..###.


You could see an orc priest.

Vanquished Creatures
  Duvessa (D:6)
  An orc warrior (D:5)
  An ice beast (D:5)
  A black bear (D:6)
  An ogre (D:5)
  A centaur (D:5)
  3 wights (D:6)
  3 scorpions
  Dowan (D:6)
  2 orc priests
  3 hounds
  A gnoll bouda (D:5)
  2 jellies
  3 iron imps (D:3)
  Jessica (D:3)
  3 iguanas
  Terence (D:3)
  8 adders
  11 gnolls
  A worm (D:2)
  4 dart slugs
  6 orcs
  6 endoplasms
  A giant cockroach (D:2)
  7 goblins
  11 hobgoblins
  7 jackals
  3 kobolds
  4 quokkas
  4 ball pythons
  5 bats
  3 frilled lizards
  5 rats
115 creatures vanquished.

Notes
Turn   | Place    | Note
-------+----------+-------------------------------------------
     0 | D:1      | BinkBink the Tengu Monk began the quest for the Orb.
     0 | D:1      | Reached XP level 1. HP: 14/14 MP: 2/2
   320 | D:1      | Reached XP level 2. HP: 19/19 MP: 3/3
   686 | D:1      | Reached XP level 3. HP: 23/23 MP: 4/4
  1014 | D:2      | Reached skill level 4 in Dodging
  1201 | D:2      | Reached XP level 4. HP: 29/29 MP: 5/5
  1534 | D:3      | Found a runed translucent gate.
  1534 | D:3      | Found a runed translucent gate.
  1534 | D:3      | Found a runed translucent gate.
  1564 | D:3      | Noticed ongoing's ghost (amateur BaHu)
  1598 | D:3      | Noticed Jessica
  1601 | D:3      | Killed Jessica
  1602 | D:3      | Reached skill level 1 in Ranged Weapons
  1602 | D:3      | Reached XP level 5. HP: 33/33 MP: 6/6
  1802 | D:3      | Found a sparkling altar of Nemelex Xobeh.
  1802 | D:3      | Found a transporter.
  1916 | D:3      | Noticed Terence
  1923 | D:3      | Killed Terence
  2066 | D:3      | Found a runed translucent door.
  2067 | D:3      | Noticed Crazy Yiuf
  2099 | D:3      | Found a burning altar of Makhleb.
  2112 | D:3      | Reached XP level 6. HP: 39/39 MP: 7/7
  2776 | D:4      | Reached skill level 5 in Dodging
  2876 | D:4      | Found a shimmering altar of Xom.
  2876 | D:4      | Found a radiant altar of Vehumet.
  2981 | D:5      | Entered Level 5 of the Dungeon
  3001 | D:5      | Reached skill level 5 in Long Blades
  3043 | D:5      | Gained mutation: Your magical flight helps you evade
                  | attacks. (EV +4) [Tengu growth]
  3043 | D:5      | Reached XP level 7. HP: 21/44 MP: 8/8
  3138 | D:5      | Reached skill level 5 in Fighting
  3668 | D:5      | Reached XP level 8. HP: 33/50 MP: 9/9
  3766 | D:5      | Reached skill level 6 in Dodging
  4227 | D:6      | Noticed a troll
  4427 | D:6      | Found a staircase to the Ecumenical Temple.
  4433 | Temple   | Entered the Ecumenical Temple
  4452 | Temple   | Became a worshipper of Qazlal Stormbringer
  4452 | Temple   | Reached * piety under Qazlal
  4452 | Temple   | Reached ** piety under Qazlal
  4577 | D:6      | Reached skill level 1 in Shields
  4654 | D:6      | Found a shadowy altar of Dithmenos.
  5297 | D:6      | Noticed Duvessa
  5302 | D:6      | Killed Duvessa
  5303 | D:6      | Noticed Dowan
  5305 | D:6      | Killed Dowan
  5934 | D:5      | Reached skill level 7 in Dodging
  5934 | D:5      | Reached XP level 9. HP: 12/56 MP: 10/10
  5934 | D:5      | Killed from afar by an orc priest

Illustrated notes

Levels and vault maps discovered:
D:1:      dpeg_arrival_court, layout_loops_corners
D:2:      layout_basic
D:3:      layout_rooms, demons_altar, grunt_nemelex_the_gamble,
          gammafunk_ghost_necromancy, glass_columns_b,
          hangedman_decor_clover_reticule, guppyfry_early_lair_pool,
          uniq_jessica, uniq_crazy_yiuf_cottage, uniq_terence
D:4:      layout_rooms, gammafunk_temple_overflow_elements
D:5:      layout_loops_ring
D:6:      layout_gridville, mainiacjoe_overflow_surrounded_room,
          minmay_temple_entry_hall, uniq_duvessa
Temple:   hellmonk_temple_forest_ring

Skill      XL: |  1  2  3  4  5  6  7  8 |
---------------+-------------------------+-----
Long Blades    | 4 5 6 |  6.9
Dodging        | 4 5 7 |  7.0
Fighting       | 4 5 6 |  6.4
Ranged Weapons | 1 2 3 4 |  4.2
Shields        | 2 |  2.9

Action                     |  1- 3 |  4- 6 |  7- 9 || total
---------------------------+-------+-------+-------++-------
  Melee: Falchion          |    67 |    10 |    36 ||   113
         Peck              |    11 |       |    20 ||    31
         Kick              |    14 |     5 |    28 ||    47
         Punch             |       |     1 |       ||     1
         Great sword       |       |       |    55 ||    55
   Fire: Longbow           |       |   132 |    46 ||   178
    Use: Potion            |       |     1 |     1 ||     2
         Scroll            |       |       |     2 ||     2
 Armour: Robe              |    22 |    61 |    61 ||   144
  Dodge: Dodged            |    51 |    77 |   191 ||   319
  Block: Kite shield       |       |       |     2 ||     2
         Other             |       |       |     2 ||     2

Table legend: (Time is in decaauts)
 A = Elapsed time spent in this place.
 B = Non-inter-level travel time spent in this place.
 C = Inter-level travel time spent in this place.
 D = Time resting spent in this place.
 E = Time spent auto-exploring this place.
 F = Levels seen in this place.
 G = Mean time per level.
                   A        B        C        D        E       F      G
               +--------+--------+--------+--------+--------+-----+--------+
         Total |   6071 |   5872 |    199 |    867 |   3885 |   7 |  867.3 |
       Dungeon |   6033 |   5869 |    164 |    867 |   3885 |   6 | 1005.5 |
        Temple |     37 |      2 |     35 |      0 |      0 |   1 |   37.0 |
               +--------+--------+--------+--------+--------+-----+--------+

Top non-repeatable levels by time:
     D:5: 1501 daAuts
     D:6: 1467 daAuts
     D:3: 867 daAuts
     D:1: 853 daAuts
     D:2: 683 daAuts
     D:4: 660 daAuts
  Temple: 37 daAuts
